 Dungeon Crawl Stone Soup version 0.28.0-49-g6dfe1f597d (webtiles) character file.

Game seed: 5711204736319462580

33 issech the Stinger (level 3, -7/25 HPs)
             Began as a Gnoll Wanderer on May 19, 2022.
             Mangled by Sigmund
             ... wielding a +2 vorpal scythe
              (10 damage)
             ... on level 2 of the Dungeon.
             The game lasted 00:03:38 (913 turns).

issech the Stinger (Gnoll Wanderer)                  Turns: 913, Time: 00:03:39

Health: -7/25      AC:  7    Str:  9    XL:     3   Next: 29%
Magic:  7/7        EV:  8    Int: 16    God:
Gold:   54         SH:  0    Dex: 10    Spells: 5/7 levels left

rFire   . . .      SeeInvis .   e - +3 dagger
rCold   . . .      Faith    .   (no shield)
rNeg    . . .      Spirit   .   b - +0 scale mail
rPois   .          Reflect  .   (no helmet)
rElec   .          Harm     .   (no cloak)
rCorr   .          Rampage  .   (no gloves)
Will    .....                   (no boots)
Stlth   ..........              (no amulet)
HPRegen 0.08/turn               (no ring)
MPRegen 0.10/turn               (no ring)

@: no status effects
A: fangs 1, strong nose, distributed training
a: no special abilities


You were on level 2 of the Dungeon.
You visited 1 branch of the dungeon, and saw 2 of its levels.

You collected 54 gold pieces.

Inventory:

Hand Weapons
 a - a +0 club
 e - a +3 dagger (weapon)
Missiles
 d - 41 stones
 f - 2 boomerangs (quivered)
 g - 6 poisoned darts
 i - 29 sling bullets
Armour
 b - a +0 scale mail (worn)
Scrolls
 c - 3 scrolls of identify {unknown}
 h - a scroll of vulnerability {unknown}
Potions
 j - a potion of attraction {unknown}


   Skills:
 + Level 0.7 Fighting
 + Level 0.7 Short Blades
 + Level 0.7 Long Blades
 + Level 0.7 Axes
 + Level 0.7 Maces & Flails
 + Level 0.7 Polearms
 + Level 0.7 Staves
 + Level 0.7 Slings
 + Level 0.7 Bows
 + Level 0.7 Crossbows
 + Level 2.6 Throwing
 + Level 4.5 Armour
 + Level 0.7 Dodging
 + Level 0.7 Stealth
 + Level 0.7 Shields
 + Level 0.7 Unarmed Combat
 + Level 2.8 Spellcasting
 + Level 0.5 Conjurations
 + Level 5.4 Hexes
 + Level 0.5 Summonings
 + Level 0.5 Necromancy
 + Level 0.5 Translocations
 + Level 0.5 Transmutations
 + Level 0.5 Fire Magic
 + Level 0.5 Ice Magic
 + Level 0.5 Air Magic
 + Level 0.5 Earth Magic
 + Level 5.4 Poison Magic
 + Level 0.9 Invocations
 + Level 0.7 Evocations


You had 5 spell levels left.
You knew the following spells:

 Your Spells              Type           Power      Damage    Failure   Level
a - Slow                  Hex            76%        N/A       14%         1
b - Sting                 Tmut/Pois      44%        1d5       36%         1

Your spell library contained the following spells:

 Spells                   Type           Power      Damage    Failure   Level
 Tukima's Dance           Hex            19%        N/A       41%         3
 Ignite Poison            Fire/Tmut/Pois 9%         N/A       86%         3
 Anguish                  Hex/Necr       5%         N/A       98%         4


Dungeon Overview and Level Annotations

Branches:
Dungeon (2/15)

Altars:

Annotations:
D:2 Sigmund


Innate Abilities, Weirdness & Mutations

You have very sharp teeth.
Your uncanny sense of smell can sniff out nearby items.
Your experience applies equally to all skills.


Message History

The giant cockroach bites you but does no damage.
You hit the giant cockroach.
The giant cockroach is almost dead.
The giant cockroach bites you but does no damage.
You hit the giant cockroach but do no damage.
You bite the giant cockroach, but do no damage.
The giant cockroach is almost dead.
The giant cockroach bites you but does no damage.
The giant cockroach bites you.
You barely miss the giant cockroach.
The giant cockroach is almost dead.
The giant cockroach bites you.
You barely miss the giant cockroach.
The giant cockroach is almost dead.
Sigmund the Dreaded comes into view.
He is wielding a +2 vorpal scythe and wearing a +2 robe of cold resistance.
The giant cockroach bites you but does no damage.
You hit the giant cockroach.
You kill the giant cockroach!
Things that are here:
a giant cockroach corpse; a jackal corpse
Found an amethyst potion.
Things that are here:
a giant cockroach corpse; a jackal corpse
Things that are here:
a rat corpse; a frilled lizard corpse Sigmund points at you and mumbles some strange words.
You are confused.
You bump into the rock wall.
Sigmund hits you with a +2 vorpal scythe.
Sigmund casts a spell at you. The puff of flame hits you.
You feel less confused.
Sigmund points at you and mumbles some strange words.
You resist with significant effort. Sigmund gestures at you while chanting.
The magic dart hits you!
* * * LOW HITPOINT WARNING * * *
There is a stone staircase leading up here.
Sigmund hits you from afar with a +2 vorpal scythe!
You die...

#### ...# ##.# #.#
##### #.###########...#
#...........>.#.#
#############..@# ##.##
### #@# ..# #.# ..# #.#
..#### #.# .....#
#.####
)....##########....####
......................#


You could see Sigmund.

Vanquished Creatures
  2 ball pythons (D:1)
  2 endoplasms (D:1)
  2 giant cockroaches
  4 goblins
  4 hobgoblins
  5 jackals
  2 quokkas (D:1)
  2 bats (D:1)
  2 frilled lizards
  2 rats
27 creatures vanquished.

Vanquished Creatures (others)
  A plant (D:2)
1 creature vanquished.

Grand Total: 28 creatures vanquished

Notes
Turn   | Place    | Note
-------+----------+-------------------------------------------
     0 | D:1      | issech the Gnoll Wanderer began the quest for the Orb.
     0 | D:1      | issech set off with the following items: a +0 club, a +0
                  | scale mail; and the following spells available to memorise:
                  | Slow, Sting, Tukima's Dance, Ignite Poison, Anguish
     0 | D:1      | Reached XP level 1. HP: 13/13 MP: 4/4
   270 | D:1      | Reached XP level 2. HP: 19/19 MP: 5/5
   716 | D:1      | Learned a level 1 spell: Slow
   718 | D:1      | Learned a level 1 spell: Sting
   805 | D:2      | Reached XP level 3. HP: 25/25 MP: 7/7
   892 | D:2      | Noticed Sigmund
   913 | D:2      | Mangled by Sigmund

Illustrated notes

Levels and vault maps discovered:
D:1:      dpeg_arrival_brainrot, layout_rooms
D:2:      layout_loops_ring, shapermc_ecumenical_altar_hornbeckon, serial_shops,
          nicolae_shop_hallway_stairs, serial_bayou_pond_a, uniq_jessica,
          uniq_sigmund

Action                   || total
-------------------------++-------
Melee: Club              ||    12
       Dagger            ||    95
       Bite              ||     7
       Punch             ||     2
Throw: Boomerang         ||     9
       Stone             ||     1
Armor: Scale mail        ||    51
Dodge: Dodged            ||    48
